Map: Neon Violet Square LE

Players

Elazer

  • Race: Zerg Zerg
  • League: Master
  • Spawn Location: 11:00

Solar - Winner!

  • Race: Zerg Zerg
  • Spawn Location: 5:00

Event: HomeStory Cup XVI

VOD

Have the link to the VOD?

Description

Time

  • Played on: Nov. 12, 2017, 7:23 a.m.
  • Length: 10:45

All games in this series

Show
View Real Time Build Order
Export as new Build Order

Elazer Zerg 

Build Orders: Hatch First 

Get SALT Encoding   

  12  0:01  Drone  
  13  0:13  Overlord  
  13  0:17  Drone  
  14  0:31  Drone x2  
  14  0:35  Drone  
  17  0:55  Drone, Hatchery  
  17  0:59  Drone  
  17  1:02  Extractor  
  17  1:14  Spawning Pool  
  17  1:17  Drone  
  17  1:20  Drone  
  18  1:28  Drone  
  19  1:38  Overlord  
  19  1:50  Drone  
  20  2:01  Queen, Drone  
  22  2:03  Metabolic Boost  
  22  2:07  Queen  
  25  2:09  Zergling x2  
  25  2:13  Zergling x2  
  27  2:18  Drone  
  28  2:24  Drone  
  28  2:29  Drone  
  30  2:33  Drone  
  31  2:40  Hatchery  
  31  2:42  Drone  
  31  2:43  Drone  
  32  2:51  Overlord  
  32  2:56  Drone  
  33  3:05  Drone x2  
  35  3:08  Zergling x2  
  35  3:10  Zergling x4  
  38  3:14  Queen  
  38  3:16  Zergling x4  
  38  3:18  Overlord  
  38  3:19  Drone  
  43  3:23  Drone  
  44  3:34  Overlord, Roach Warren  
  44  3:35  Drone  
  45  3:41  Drone x3  
  45  3:42  Drone  
  45  3:44  Drone  
  45  3:46  Drone  
  45  3:47  Drone  
  51  3:51  Drone  
  51  3:53  Drone  
  51  3:55  Drone  
  54  3:57  Overlord  
  54  4:02  Drone  
  52  4:06  Drone x2  
  52  4:12  Overlord  
  52  4:14  Extractor  
  52  4:15  Extractor  
  49  4:17  Roach x4, Evolution Chamber  
  49  4:21  Roach  
  58  4:25  Overlord  
  58  4:29  Roach  
  60  4:32  Overlord, Drone  
  60  4:35  Drone  
  62  4:43  Drone x2  
  62  4:45  Drone x2  
  66  4:46  Drone x5  
  66  4:48  Drone  
  66  4:50  Extractor  
  66  4:52  Zerg Missile Weapons Level 1  
  71  4:55  Drone x2  
  73  5:01  Lair  
  73  5:05  Extractor  
  72  5:08  Drone x3  
  75  5:17  Roach  
  75  5:18  Roach  
  75  5:19  Hatchery  
  77  5:22  Roach x2  
  77  5:24  Roach  
  77  5:28  Roach x2  
  87  5:39  Queen  
  87  5:41  Drone  
  87  5:42  Drone  
  88  5:43  Drone x5  
  88  5:44  Drone x2  
  88  5:46  Drone  
  88  5:47  Drone  
  88  5:48  Drone  
  94  5:54  Pneumatized Carapace  
  94  5:55  Overlord  
  94  5:57  Drone  
  94  5:58  Drone  
  94  5:59  Overseer  
  96  6:05  Glial Reconstitution  
  96  6:09  Drone x4  
  96  6:15  Unknown  
  96  6:17  Roach  
  96  6:18  Roach x3  
  104  6:24  Overlord  
  104  6:28  Extractor, Drone  
  104  6:29  Hydralisk Den  
  104  6:31  Drone x3  
  106  6:36  Roach x3  
  112  6:43  Queen  
  112  6:46  Overlord  
  111  6:52  Zerg Missile Weapons Level 2  
  111  6:55  Spore Crawler, Drone  
  111  6:56  Drone  
  111  6:57  Drone  
  111  6:58  Spore Crawler, Drone x2  
  111  6:59  Spore Crawler  
  113  7:03  Hydralisk x3  
  119  7:15  Overlord x3  
  119  7:18  Spore Crawler  
  118  7:23  Muscular Augments  
  118  7:29  Overlord  
  118  7:30  Overlord x2  
  117  7:49  Hydralisk  
  117  7:50  Hydralisk x4  
  127  8:05  Roach  
  125  8:06  Overlord x3  
  121  8:17  Hydralisk x9  
  123  8:22  Overlord x2  
  123  8:26  Hydralisk x7  
  125  8:29  Overseer  
  125  8:33  Queen  
  139  8:35  Ravager x4  
  143  8:47  Hydralisk x3  
  143  8:48  Hydralisk x3  
  155  8:52  Roach  
  155  8:53  Roach  
  159  8:58  Overlord x2  
  159  9:00  Ravager  
  160  9:08  Roach  
  160  9:10  Overlord  
  160  9:16  Roach x3, Overlord x2  
  166  9:17  Roach  
  168  9:27  Roach  
  168  9:28  Roach x3  
  168  9:30  Overlord  
  176  9:33  Roach x3  
  176  9:37  Roach x2  
  186  9:39  Ravager x4  
  186  9:43  Roach  
  186  9:44  Roach  
  194  9:46  Overseer  
  194  9:50  Infestation Pit  
  188  10:01  Overseer  
  188  10:02  Overseer  
  188  10:08  Roach x6  
  158  10:24  Roach  
  158  10:25  Roach x8  
Show
View Real Time Build Order
Export as new Build Order

Solar Zerg - Winner!

Build Orders: 3 Hatch before Pool, Lurkers 

Get SALT Encoding   

  12  0:01  Drone  
  13  0:13  Overlord  
  13  0:17  Drone  
  14  0:31  Drone x2  
  14  0:35  Drone  
  17  0:52  Hatchery  
  17  0:55  Drone  
  17  0:59  Drone  
  18  1:20  Hatchery  
  18  1:22  Drone  
  18  1:26  Extractor  
  18  1:30  Drone  
  18  1:41  Spawning Pool  
  18  1:43  Drone  
  18  1:46  Drone  
  19  1:50  Drone  
  20  2:04  Drone  
  20  2:05  Drone  
  23  2:15  Drone  
  23  2:22  Drone  
  24  2:27  Metabolic Boost  
  24  2:28  Queen x2  
  28  2:36  Queen  
  30  2:39  Zergling x2  
  30  2:42  Zergling x2  
  32  2:48  Baneling Nest  
  31  2:52  Overlord  
  31  2:55  Drone  
  32  2:58  Drone  
  32  3:01  Zergling x2  
  34  3:11  Drone x3  
  37  3:13  Zergling x2  
  37  3:15  Overlord  
  37  3:17  Drone  
  39  3:20  Drone  
  39  3:22  Drone  
  39  3:25  Drone  
  42  3:31  Baneling x2  
  42  3:32  Baneling  
  41  3:35  Zergling x6  
  41  3:38  Baneling  
  41  3:39  Zergling x2  
  45  3:42  Overlord  
  45  3:44  Drone  
  45  3:46  Drone  
  45  3:48  Zergling x2  
  48  3:50  Drone  
  48  3:54  Overlord  
  48  3:56  Drone  
  48  3:59  Zergling x2  
  48  4:03  Zergling x2  
  48  4:04  Zergling x4  
  48  4:05  Drone  
  48  4:07  Drone  
  48  4:08  Drone  
  54  4:13  Drone  
  55  4:17  Lair  
  55  4:19  Drone x2  
  55  4:21  Drone  
  58  4:25  Extractor x2, Overlord  
  58  4:26  Drone  
  58  4:28  Zergling x2  
  58  4:34  Drone x2  
  58  4:35  Drone  
  58  4:36  Drone  
  58  4:37  Zergling x2  
  63  4:38  Drone  
  63  4:39  Drone  
  63  4:41  Zergling x2  
  62  4:46  Zergling x2  
  62  4:51  Overlord  
  62  4:52  Drone  
  64  4:53  Overlord  
  64  4:55  Drone x2  
  64  4:56  Extractor  
  64  4:57  Drone  
  64  4:59  Extractor, Drone x2  
  67  5:00  Drone  
  67  5:01  Drone  
  67  5:04  Zergling x2  
  67  5:06  Drone x2  
  72  5:10  Zergling x2  
  72  5:13  Overlord  
  72  5:14  Extractor  
  71  5:15  Drone  
  71  5:18  Spire  
  71  5:20  Drone x3  
  74  5:23  Zergling x2  
  74  5:24  Overseer  
  74  5:25  Drone  
  74  5:26  Drone  
  77  5:29  Overlord  
  77  5:32  Zergling x2  
  77  5:33  Zergling x4  
  77  5:35  Overlord  
  79  5:36  Zergling x2  
  79  5:40  Zergling x2  
  79  5:42  Baneling x2  
  79  5:48  Zergling x12  
  80  5:50  Zergling x4  
  80  5:54  Overlord  
  80  5:56  Overlord  
  82  6:02  Zergling x4  
  84  6:06  Spine Crawler  
  84  6:08  Spine Crawler x2  
  80  6:16  Drone  
  80  6:18  Drone x2  
  83  6:19  Drone  
  82  6:30  Unknown, Mutalisk  
  82  6:31  Mutalisk x7  
  82  6:32  Mutalisk  
  100  6:39  Mutalisk  
  101  6:47  Evolution Chamber, Mutalisk x2  
  96  6:48  Roach Warren  
  96  6:49  Mutalisk  
  96  6:52  Drone x3  
  96  6:53  Drone  
  101  6:57  Overlord  
  101  6:59  Drone x2  
  105  7:01  Drone x2  
  105  7:03  Overlord  
  105  7:05  Overlord  
  105  7:10  Overseer  
  105  7:12  Hydralisk Den  
  104  7:19  Overlord  
  104  7:21  Drone x2  
  104  7:22  Zerg Missile Weapons Level 1, Hatchery  
  105  7:24  Overlord  
  105  7:27  Overlord  
  105  7:28  Roach x3  
  105  7:29  Glial Reconstitution  
  111  7:36  Overlord  
  111  7:43  Roach x2, Lurker Den  
  111  7:44  Roach x3  
  120  7:46  Roach  
  120  7:49  Roach x2  
  126  7:54  Roach x3  
  126  7:55  Roach  
  126  7:57  Roach  
  136  8:00  Queen  
  136  8:03  Roach  
  128  8:15  Hydralisk x6  
  138  8:20  Hydralisk  
  138  8:21  Hydralisk  
  138  8:24  Roach x2  
  146  8:27  Drone x2  
  146  8:32  Overlord  
  146  8:33  Extractor  
  147  8:35  Drone  
  147  8:36  Queen  
  150  8:41  Overlord  
  150  8:51  Overlord  
  148  8:56  Roach x5  
  158  9:11  Roach x3  
  158  9:12  Roach x2  
  158  9:13  Lurker x5  
  158  9:14  Lurker x2  
  175  9:19  Lurker, Overlord  
  175  9:20  Overlord  
  175  9:21  Roach  
  175  9:23  Overlord  
  172  9:32  Roach x2  
  172  9:35  Roach x2  
  172  9:36  Roach  
  182  9:41  Roach x4  
  182  9:43  Roach  
  182  9:44  Roach  
  194  9:48  Roach x2  
  194  9:52  Roach x2  
  200  9:56  Roach x2  
  197  10:01  Ravager  
  197  10:02  Ravager  
  197  10:06  Ravager  
  197  10:09  Roach x2  
  197  10:10  Roach  
  197  10:17  Extractor  
  197  10:19  Roach x2  
  194  10:23  Roach x2  
  194  10:24  Roach x2  
  194  10:25  Roach x2  
  193  10:31  Hatchery  
Tags
 
Add a new tag
Caveats
  • Supply blocks, unpowered buildings, or Contaminate may cause inaccurate times.
  • Supply counts are checked every 10 seconds.